AoeStats
← TigerGecko

Arena

505060666Analyzed
4v4 RM · 24d ago on Sep 7, 2026· 11m 41s· 8 players
Game mode
Random Map
Map size
Large (8 player)
Population
200
Speed
Normal
Resources
Standard
Victory
Conquest
Starting age
Dark Age
Ending age
Imperial Age
RankedLock teamsTeams togetherTeam positionsShared explorationLock speedFull tech treeHidden civsTurbo modeCheats
Victory
Defeat
🇩🇪 Spanish · Germany
1375
+13
🇨🇱 Inca · Chile
1369
+13
🇨🇳 Armenians · China
1327
+15
🇭🇰 Portuguese · Hong Kong SAR China
1245
+18
🇩🇪 Khmer · Germany
1323
-16
🇺🇸 Spanish · United States
1302
-15
🇮🇳 Bohemians · India
1301
-15
🇩🇪 Hindustanis · Germany
1269
-13
varunalur2879
10:49 Feudal Age
mattmcneil9
0:26 Loom
10:38 Feudal Age
Zufällig
10:11 Feudal Age
SmoothCriminal
10:02 Feudal Age
TigerGecko
10:45 Feudal Age
jardan1234
11:08 Feudal Age
刀他(她)
10:36 Feudal Age
Diegote
7:25 Loom
10:11 Feudal Age
10:29 Champi Runner
Connection lost

Rejoining the realm…

Still unreachable

The connection could not be restored.

Session expired

The server has moved on; the page needs a fresh start.